 Dungeon Crawl Stone Soup version 0.21-a0-221-gfe971b9 (webtiles) character file.

158657 Moloch the Bludgeoner (level 17, -33/144 HPs)
             Began as a Demonspawn Fighter on Aug 26, 2017.
             Was the Champion of Okawaru.
             Killed from afar by a Brimstone Fiend (40 damage)
             ... with damnation
             ... summoned by a lich
             ... on level 2 of the Depths.
             The game lasted 00:54:51 (27684 turns).

Moloch the Bludgeoner (Demonspawn Fighter)         Turns: 27684, Time: 00:54:51

Health: -33/144    AC: 43    Str: 32    XL:     17   Next: 14%
Magic:  19/19      EV:  5    Int: 10    God:    Okawaru [******]
Gold:   1538       SH: 11    Dex: 14    Spells: 14/16 levels left

rFire    + . .     SeeInvis +   x - +9 eveningstar (drain)
rCold    + . .     Gourm    .   c - +0 shield
rNeg     . . .     Faith    +   j - +14 crystal plate armour "Uptem" {rElec rCorr Str+3}
rPois    +         Spirit   .   I - +2 helmet {SInv}
rElec    +         Reflect  .   s - scarf {rC+ rF+}
rCorr    +         Harm     .   b - +0 pair of gloves
MR       ++...                  (boots unavailable)
Stlth    ..........             W - amulet of faith
HPRegen  0.34/turn              O - ring of see invisible
MPRegen  0.16/turn              (no ring)

@: mighty
A: talons 3, slimy green scales 3, low mp 1, magic resistance 1, powered by pain
2, screaming 1, shaggy fur 1, spiny 2, strong 1, wild magic 1, MP-powered wands
a: Heroism, Finesse, Renounce Religion


You were on level 2 of the Depths.
You worshipped Okawaru.
Okawaru was exalted by your worship.
You were not hungry.

You visited 4 branches of the dungeon, and saw 25 of its levels.
You also visited: Sewer.

You collected 2604 gold pieces.
You spent 1066 gold pieces at shops.

Inventory:

Hand Weapons
 x - a +9 eveningstar of draining (weapon)
 Z - a +1 demon whip of venom
Missiles
 y - 5 throwing nets (quivered)
Armour
 b - a +0 pair of gloves (worn)
 c - a +0 shield (worn)
 j - the +14 crystal plate armour "Uptem" (worn) {rElec rCorr Str+3}
   (Okawaru gifted it to you on level 11 of the Dungeon)

   It affects your strength (+3).
   It insulates you from electricity.
   It protects you from acid and corrosion.
 s - a scarf of resistance (worn)
 I - a +2 helmet of see invisible (worn)
Jewellery
 J - an uncursed ring of protection from cold
 L - the ring "Fuafruy" {-Tele +Fly rPois Dex+4}
   (You found it on level 7 of the Dungeon)

   [ring of poison resistance]

   It affects your dexterity (+4).
   It protects you from poison.
   It lets you fly.
   It prevents most forms of teleportation.
 O - a ring of see invisible (left hand)
 S - a +2 amulet of reflection
 U - a +3 ring of protection
 W - an amulet of faith (around neck)
 X - an uncursed ring of positive energy
Wands
 G - a wand of paralysis (16/24)
Scrolls
 a - a scroll of vulnerability
 e - 8 scrolls of blinking
 g - 6 scrolls of magic mapping
 h - a scroll of silence {unknown}
 m - a scroll of enchant weapon
 o - 4 scrolls of immolation
 p - a scroll of summoning {unknown}
 q - 6 scrolls of recharging
 r - 8 scrolls of teleportation
 D - 3 scrolls of enchant armour
 H - 3 scrolls of remove curse
 K - 4 scrolls of fear
 N - 3 scrolls of fog
 T - a scroll of amnesia
Potions
 d - 3 potions of might
 i - 6 potions of curing
 k - 2 potions of invisibility
 l - 2 potions of ambrosia
 t - 2 potions of haste
 u - a potion of resistance
 w - a potion of magic
 z - a potion of berserk rage
 C - 2 potions of lignification
 F - 5 potions of flight
 M - 8 potions of heal wounds
 P - a potion of brilliance
 Q - 5 potions of mutation
 R - 3 potions of agility
 V - 2 potions of cancellation
Comestibles
 f - 16 bread rations
 v - 14 royal jellies
 A - 16 meat rations
 E - 26 fruits


   Skills:
 + Level 15.8 Fighting
 * Level 20.6 Maces & Flails
 * Level 9.4 Armour
 - Level 1.6 Dodging
 - Level 5.1 Shields
 - Level 6.5 Invocations
 - Level 1.0 Evocations


You had 14 spell levels left.
You knew the following spells:

 Your Spells              Type           Power        Failure   Level  Hunger
a - Blink                 Tloc           N/A          100%        2    ###....


Dungeon Overview and Level Annotations

Branches:
Dungeon (15/15)            Temple (0/1) D:7            Lair (6/6) D:11
 Shoals (0/4) Lair:2        Snake (0/4) Lair:2        Slime (0/5) Lair:5
    Orc (2/2) D:12            Elf (0/3) Orc:2        Vaults (0/5) D:14
 Depths (2/5) D:15

Altars:
Ashenzari
Fedhas
Gozag
Hepliaklqana
Makhleb
Nemelex Xobeh
Okawaru
Qazlal
Ru
Trog
Vehumet
Xom
Zin
Beogh
Jiyva

Shops:
D:14 *   Orc:2 **?[   Depths:1 ?

Portals:
Hell: Depths:1 Depths:2
Pandemonium: Depths:1

Annotations:
D:13 1 runed door, exclusion: orange crystal statue
Lair:5 exclusion: 3 oklob plants


Innate Abilities, Weirdness & Mutations

You have claws for feet.
You are completely covered in slimy green scales. (AC +4, rPois)
You sometimes gain power by taking damage.
You are mostly covered in sharp spines.
Your magical capacity is low. (-10% MP)
You are resistant to hostile enchantments. (MR+)
You occasionally shout uncontrollably at your foes.
You are covered in fur. (AC +1)
Your muscles are strong. (Str +2)
Your spells are a little harder to cast, but a little more powerful.
You expend magic power (3 MP) to strengthen your wands.


Message History

The yaktaur convulses! x3; The ogre mage convulses!
The yaktaur convulses!
The two-headed ogre convulses!
The yaktaur shoots a bolt.
The bolt barely misses you. The ogre mage casts a spell at you.
The bolt of poison hits you! You resist.
The yaktaur wields an arbalest.
The yaktaur shoots a bolt.
You block the bolt.
A yaktaur comes into view.
You see here 2 bolts.
The ogre mage casts a spell at you. You resist with almost no effort.
The Brimstone Fiend calls on the powers of darkness!
Your body is wracked with pain!
* * * LOW HITPOINT WARNING * * *
The yaktaur convulses!
Unknown command.
The yaktaur shoots a bolt.
The bolt hits you!
* * * LOW HITPOINT WARNING * * *
The Brimstone Fiend gestures at you.
The sphere of damnation explodes!
The damnation engulfs you!
You die...

...............)((.(#.#
..............)).(..###
.................[..#
...................##
##..............##[## .##
###..............##(##### #..#
.(.....[..........[.....## #....
...................>#..c.## #$...
................@..(..1...# .OO.(
≈...#..............#.(.((.##'.c..
≈..###.....⌠.⌠..#####.Oc..(c##...
≈≈..##............# ##^..##cL##.c
...###.....⌠.⌠..### ###c#.O(O#'#
...# #.........## #.Cc.C.((#
...###.........# #O'#...†..##
............####


.Oc ##....## ............# .. ##..## You could see a Brimstone Fiend and 2
yaktaurs.

Vanquished Creatures
  A golden dragon (Depths:1)
  Rupert (D:12)
  The ghost of Dominolapin the Markscentaur, an adept CeHu of Okawaru (Depths:1)
  The ghost of removed the Severer, a journeyman HOWn of Okawaru (D:15)
  A fire giant (Depths:2)
  A balrug (Depths:1)
  3 very ugly things (Depths:2)
  7 stone giants
  A dire elephant (D:15)
  4 ettins
  A fire dragon (Depths:2)
  2 yaktaur captains
  A vault guard (D:14)
  A deep elf high priest (Depths:1)
  2 rakshasas
  Harold (Lair:2)
  A spriggan air mage (Depths:2)
  2 ice dragons
  7 hydras
  7 centaur warriors
  Erica (Lair:2)
  8 two-headed ogres
  15 death yaks
  A deep troll earth mage (Depths:2)
  2 ogre magi
  3 deep troll shamans
  A tengu warrior (Depths:1)
  2 spriggan berserkers
  Urug (Lair:2)
  5 orc high priests (Orc:2)
  A soul eater (Depths:2)
  2 sun demons (Depths:1)
  The ghost of Syneil the Cleaver, a novice MiFi (D:6)
  2 iron trolls (Depths:2)
  Nergalle (D:11)
  2 glowing orange brains
  3 unseen horrors
  5 deep trolls (Depths:2)
  10 orc knights
  A deep elf mage (D:15)
  A wolf spider (D:15)
  25 ugly things
  2 cyclopes (D:12)
  A salamander (shapeshifter) (Depths:2)
  3 manticores
  5 slime creatures
  15 elephants
  4 centaur zombies
  Maurice (Orc:2)
  6 black mambas
  A torpor snail (Lair:4)
  A naga mage (D:15)
  A gargoyle (D:10)
  19 spiny frogs
  11 yaktaurs
  9 centaur skeletons
  4 rime drakes
  3 komodo dragons
  3 efreet
  6 meliai
  6 trolls
  A queen bee (Lair:5)
  A troll (shapeshifter) (Depths:2)
  8 hornets
  5 polar bears
  A hippogriff (shapeshifter) (Depths:1)
  Grinder (D:5)
  A dream sheep (Lair:6)
  3 blink frogs (Lair:2)
  11 hippogriffs
  14 spriggans
  A shadow (D:13)
  A tarantella (shapeshifter) (Depths:1)
  A water elemental (Depths:2)
  A hog (shapeshifter) (Depths:1)
  A vampire (D:10)
  6 wyverns
  3 basilisks
  34 yaks
  2 wraiths (D:15)
  A hungry ghost (D:7)
  7 vampire mosquitoes (D:15)
  A warg (Orc:2)
  A soldier ant (D:12)
  An acid dragon (D:15)
  10 porcupines
  9 water moccasins
  Duvessa (D:6)
  An eye of draining (D:15)
  2 ice beasts
  A necrophage (D:11)
  33 orc warriors
  6 black bears
  A hornet zombie (D:7)
  5 sky beasts
  15 ogres
  39 wolves
  25 centaurs
  A phantom (D:5)
  7 boggarts
  12 crocodiles
  7 big kobolds
  A gnoll sergeant (D:7)
  17 bullfrogs
  2 scorpions
  Dowan (D:6)
  41 killer bees
  13 wights
  A howler monkey (D:6)
  2 electric eels
  A bullfrog zombie (D:5)
  5 crimson imps
  A lava snake (D:13)
  A quasit (D:13)
  4 hounds
  33 orc priests
  3 jellies
  A bullfrog skeleton (D:13)
  24 orc wizards
  4 iguanas
  2 gnoll shamans (D:4)
  4 hell rats (Lair:6)
  14 worker ants
  A hound skeleton (D:9)
  A howler monkey zombie (D:5)
  15 adders
  33 gnolls
  A howler monkey skeleton (D:10)
  A river rat (Sewer)
  3 shadow imps
  4 oozes
  An adder skeleton (D:9)
  An adder zombie (D:8)
  7 worms
  A dart slug (D:1)
  7 leopard geckos
  116 orcs
  7 giant cockroaches
  5 goblins
  7 hobgoblins
  30 jackals
  3 quokkas
  7 ball pythons
  8 bats
  3 frilled lizards
  21 kobolds
  A quokka skeleton (D:9)
  A quokka zombie (D:5)
  9 rats
991 creatures vanquished.

Vanquished Creatures (others)
  Nessos (D:12)
  A centaur (D:13)
  3 bushes (Lair:6)
  12 fungi
  22 plants
39 creatures vanquished.

Grand Total: 1030 creatures vanquished

Notes
Turn   | Place    | Note
-------+----------+-------------------------------------------
     0 | D:1      | Moloch the Demonspawn Fighter began the quest for the Orb.
     0 | D:1      | Reached XP level 1. HP: 18/18 MP: 1/1
    71 | D:1      | Gained mutation: You sometimes gain a little power by taking damage. [demonic ancestry]
    71 | D:1      | Reached XP level 2. HP: 21/24 MP: 2/2
   263 | D:1      | Reached skill level 2 in Maces & Flails
   455 | D:1      | Gained mutation: You are partially covered in slimy green scales. (AC +2) [demonic ancestry]
   455 | D:1      | Reached XP level 3. HP: 19/29 MP: 3/3
  1320 | D:2      | Found an iron altar of Okawaru.
  1329 | D:2      | Became a worshipper of Warmaster Okawaru
  1845 | D:2      | Reached XP level 4. HP: 24/35 MP: 4/4
  2033 | D:3      | Found a glowing drain.
  2043 | Sewer    | Entered a sewer
  2075 | Sewer    | Noticed a big kobold
  2090 | Sewer    | Killed a big kobold
  2090 | Sewer    | Reached skill level 3 in Maces & Flails
  2090 | Sewer    | Gained mutation: You have sharp toenails. [demonic ancestry]
  2090 | Sewer    | Reached XP level 5. HP: 34/41 MP: 5/5
  2150 | Sewer    | Reached * piety under Okawaru
  2150 | Sewer    | Reached skill level 1 in Dodging
  2221 | Sewer    | Reached XP level 6. HP: 43/48 MP: 6/6
  2240 | Sewer    | Reached skill level 4 in Maces & Flails
  2566 | Sewer    | Reached XP level 7. HP: 44/54 MP: 7/7
  2842 | D:3      | Found a shattered altar of Ashenzari.
  3029 | D:4      | Found a radiant altar of Vehumet.
  3029 | D:4      | Found a blossoming altar of Fedhas.
  3030 | D:4      | Found a burning altar of Makhleb.
  3448 | D:4      | Reached skill level 5 in Maces & Flails
  3673 | D:4      | HP: 1/55 [gnoll/whip (5)]
  4050 | D:4      | Reached ** piety under Okawaru
  4050 | D:4      | Reached skill level 5 in Shields
  4050 | D:4      | Gained mutation: You are mostly covered in slimy green scales. (AC +3) [demonic ancestry]
  4050 | D:4      | Reached XP level 8. HP: 24/61 MP: 8/8
  4544 | D:4      | Reached skill level 6 in Maces & Flails
  4544 | D:4      | Reached skill level 1 in Evocations
  5261 | D:5      | Entered Level 5 of the Dungeon
  5319 | D:5      | Reached skill level 7 in Maces & Flails
  5324 | D:5      | Gained mutation: You evolve. [mutagenic meat]
  5325 | D:5      | Gained mutation: You are clumsy. (Dex -2) [mutagenic meat]
  5326 | D:5      | Lost mutation: You evolve. [mutagenic meat]
  5327 | D:5      | Gained mutation: Scrolls take you a little longer to read. [mutagenic meat]
  5685 | D:5      | Reached *** piety under Okawaru
  5696 | D:5      | Reached skill level 8 in Maces & Flails
  5831 | D:5      | Noticed Grinder
  5894 | D:5      | Paralysed by Grinder for 3 turns
  5898 | D:5      | Killed Grinder
  5898 | D:5      | Gained mutation: You sometimes gain power by taking damage. [demonic ancestry]
  5898 | D:5      | Reached XP level 9. HP: 63/67 MP: 9/9
  6042 | D:6      | Found a glowing silver altar of Zin.
  6045 | D:6      | Noticed an angel
  6064 | D:6      | Found a shimmering altar of Xom.
  6153 | D:6      | Noticed Dowan
  6156 | D:6      | Noticed Duvessa
  6172 | D:6      | Killed Dowan
  6172 | D:6      | Reached skill level 9 in Maces & Flails
  6183 | D:6      | Killed Duvessa
  6368 | D:6      | Noticed Syneil's ghost (novice MiFi)
  6409 | D:6      | Killed Syneil's ghost
  6409 | D:6      | Reached **** piety under Okawaru
  6409 | D:6      | Reached skill level 10 in Maces & Flails
  7259 | D:7      | Found a hazy altar of Hepliaklqana.
  7295 | D:7      | Reached skill level 11 in Maces & Flails
  7490 | D:7      | Got a clouded steel ring
  7513 | D:7      | Found a staircase to the Ecumenical Temple.
  7514 | D:7      | Identified the ring "Fuafruy" {-Tele +Fly rPois Dex+4} (You found it on level 7 of the Dungeon)
  7586 | D:7      | Reached ***** piety under Okawaru
  7586 | D:7      | Reached XP level 10. HP: 57/73 MP: 10/10
  7659 | D:7      | Found an opulent altar of Gozag.
  8464 | D:8      | Reached skill level 12 in Maces & Flails
  9053 | D:9      | Found a sacrificial altar of Ru.
  9078 | D:9      | Gained mutation: You are covered in fur. (AC +1) [mutagenic meat]
  9079 | D:9      | Gained mutation: You possess an exceptional clarity of mind. [mutagenic meat]
  9082 | D:9      | Gained mutation: You are resistant to hostile enchantments. (MR+) [mutagenic meat]
  9665 | D:10     | Entered Level 10 of the Dungeon
  9715 | D:10     | HP: 3/73 [something/vampiric draining (13)]
 10055 | D:10     | Reached skill level 13 in Maces & Flails
 10071 | D:10     | Reached skill level 5 in Fighting
 10263 | D:10     | Received a gift from Okawaru
 10414 | D:10     | Reached XP level 11. HP: 51/80 MP: 11/11
 10678 | D:10     | Noticed a two-headed ogre
 10693 | D:10     | Killed a two-headed ogre
 10693 | D:10     | Reached ****** piety under Okawaru
 10693 | D:10     | Received a gift from Okawaru
 10861 | D:11     | Found a staircase to the Lair.
 11095 | D:11     | Noticed Nergalle
 11111 | D:11     | Killed Nergalle
 11111 | D:11     | Reached skill level 14 in Maces & Flails
 11127 | D:11     | Received a gift from Okawaru
 11133 | D:11     | Got a topaz-studded crystal plate armour {god gift}
 11144 | D:11     | Identified the +14 crystal plate armour "Uptem" {rElec rCorr Str+3} (Okawaru gifted it to you on level 11 of the Dungeon)
 11352 | D:11     | Noticed a white ugly thing
 11370 | D:11     | Killed a white ugly thing
 11374 | D:11     | Gained mutation: Your muscles are strong. (Str +2) [mutagenic meat]
 11375 | D:11     | Lost mutation: Scrolls take you a little longer to read. [mutagenic meat]
 11376 | D:11     | Gained mutation: Your spells are a little harder to cast, but a little more powerful. [mutagenic meat]
 11681 | D:12     | Found a staircase to the Orcish Mines.
 11823 | D:12     | Reached skill level 5 in Invocations
 11865 | D:12     | Noticed Rupert
 11881 | D:12     | Killed Rupert
 11881 | D:12     | Gained mutation: You are partially covered in sharp spines. [demonic ancestry]
 11881 | D:12     | Reached XP level 12. HP: 91/91 MP: 9/16
 12313 | D:12     | Noticed Nessos
 12327 | D:12     | Killed Nessos
 12327 | D:12     | Reached skill level 15 in Maces & Flails
 12609 | D:13     | Found a stormy altar of Qazlal.
 12637 | D:13     | Noticed a centaur warrior
 12642 | D:13     | Killed a centaur warrior
 12647 | D:13     | Found a runed door.
 12784 | Lair:1   | Entered Level 1 of the Lair of Beasts
 13516 | Lair:1   | Noticed a five-headed hydra
 13526 | Lair:1   | Killed a five-headed hydra
 13526 | Lair:1   | Received a gift from Okawaru
 13529 | Lair:1   | Got a faintly glowing scarf {god gift}
 13540 | Lair:1   | Identified the scarf of Misanthropy {Str+2} (Okawaru gifted it to you on level 1 of the Lair of Beasts)
 13862 | Lair:2   | Noticed a seven-headed hydra
 13884 | Lair:1   | Killed a seven-headed hydra
 14570 | Lair:2   | Reached skill level 16 in Maces & Flails
 14596 | Lair:2   | Noticed Erica
 14606 | Lair:2   | Killed Erica
 14642 | Lair:2   | Gained mutation: You are mostly covered in sharp spines. [demonic ancestry]
 14642 | Lair:2   | Reached XP level 13. HP: 102/102 MP: 14/17
 14651 | Lair:2   | Found a staircase to the Shoals.
 14753 | Lair:2   | Reached skill level 10 in Fighting
 14825 | Lair:2   | Noticed Urug
 14880 | Lair:2   | Killed Urug
 15203 | Lair:2   | Noticed Harold
 15226 | Lair:2   | Killed Harold
 15318 | Lair:2   | Found a staircase to the Snake Pit.
 15741 | Lair:3   | Learned a level 2 spell: Blink
 15920 | Lair:3   | Received a gift from Okawaru
 17035 | Lair:5   | Found a staircase to the Slime Pits.
 17199 | Lair:5   | Received a gift from Okawaru
 17261 | Lair:5   | Found a viscous altar of Jiyva.
 17648 | Lair:5   | Received a gift from Okawaru
 17683 | Lair:5   | Reached skill level 17 in Maces & Flails
 18354 | Lair:5   | Got a pitted flail
 18355 | Lair:5   | Identified the +4 flail "Luesein" {crush, *Rage rElec rC+ Dex+2} (You found it on level 5 of the Lair of Beasts)
 18517 | Lair:6   | Entered Level 6 of the Lair of Beasts
 18522 | Lair:5   | Reached XP level 14. HP: 115/115 MP: 18/18
 18612 | Lair:6   | Received a gift from Okawaru
 19327 | Lair:6   | Identified the Grimoire of Unstable Poisoning
 19721 | Lair:6   | Received a gift from Okawaru
 19737 | Lair:6   | Identified a scroll of acquirement
 19813 | Lair:6   | Reached skill level 18 in Maces & Flails
 19909 | Lair:6   | Reached skill level 5 in Armour
 19938 | Lair:6   | Received a gift from Okawaru
 20308 | Orc:1    | Entered Level 1 of the Orcish Mines
 20814 | Orc:2    | Entered Level 2 of the Orcish Mines
 20852 | Orc:2    | Found a roughly hewn altar of Beogh.
 20914 | Orc:2    | Noticed Maurice
 20924 | Orc:2    | Killed Maurice
 21177 | Orc:2    | Gained mutation: You have razor-sharp toenails. [demonic ancestry]
 21177 | Orc:2    | Reached XP level 15. HP: 120/125 MP: 19/19
 21584 | Orc:2    | Found a staircase to the Elven Halls.
 22188 | Orc:2    | Found Otaam's General Store.
 22189 | Orc:2    | Found Ibyoripn's Magic Scroll Emporium.
 22189 | Orc:2    | Found Apsestabb's Assorted Antiques.
 22190 | Orc:2    | Found Azutuxt's Antique Armour Emporium.
 22197 | Orc:2    | Bought a scroll of brand weapon for 320 gold pieces
 22209 | Orc:2    | Bought a potion of agility for 116 gold pieces
 22211 | Orc:2    | Bought 3 scrolls of blinking for 360 gold pieces
 22422 | D:13     | Identified the +3 plate armour "Avvarghuj" {rN+ MR+ rCorr} (You found it on level 13 of the Dungeon)
 23036 | D:14     | Gained mutation: Your muscles are very strong. (Str +4) [mutagenic meat]
 23037 | D:14     | Lost mutation: You are clumsy. (Dex -2) [mutagenic meat]
 23039 | D:14     | Gained mutation: You occasionally shout uncontrollably at your foes. [mutagenic meat]
 23299 | D:14     | Received a gift from Okawaru
 23305 | D:14     | Reached skill level 19 in Maces & Flails
 23308 | D:14     | Gained mutation: Scrolls take you a little longer to read. [mutagenic meat]
 23410 | D:14     | Found a gate to the Vaults.
 23522 | D:14     | Found a shimmering altar of Xom.
 23522 | D:14     | Found a shimmering altar of Xom.
 23523 | D:14     | Found a shimmering altar of Xom.
 23523 | D:14     | Found a shimmering altar of Xom.
 23523 | D:14     | Found a shimmering altar of Xom.
 23532 | D:14     | Found a shimmering altar of Xom.
 23533 | D:14     | Found a shimmering altar of Xom.
 23534 | D:14     | Found a shimmering altar of Xom.
 23541 | D:14     | Found Mawiegala's Assorted Antiques.
 23549 | D:14     | Bought a scroll of blinking for 270 gold pieces
 23802 | D:15     | Entered Level 15 of the Dungeon
 23927 | D:15     | Noticed removed's ghost (journeyman HOWn)
 23953 | D:15     | Killed removed's ghost
 23993 | D:15     | Received a gift from Okawaru
 24168 | D:15     | Found a bloodstained altar of Trog.
 24607 | D:15     | Found a staircase to the Depths.
 24955 | Depths:1 | Entered Level 1 of the Depths
 24997 | Depths:1 | Gained mutation: You are completely covered in slimy green scales. (AC +4, rPois) [demonic ancestry]
 24997 | Depths:1 | Reached XP level 16. HP: 134/134 MP: 20/20
 25013 | Depths:1 | Found a one-way gate leading to the halls of Pandemonium.
 25060 | Depths:1 | Received a gift from Okawaru
 25073 | Depths:1 | Noticed a golden dragon
 25165 | Depths:1 | Gained mutation: You expend magic power (3 MP) to strengthen your wands. [mutagenic glow]
 25216 | Depths:1 | Killed a golden dragon
 25220 | Depths:1 | Reached skill level 15 in Fighting
 25231 | Depths:1 | Received a gift from Okawaru
 25266 | Depths:1 | Found Zadix's Magic Scroll Boutique.
 25303 | Depths:1 | Found a sparkling altar of Nemelex Xobeh.
 25303 | Depths:1 | Noticed Dominolapin's ghost (adept CeHu)
 25314 | Depths:1 | Killed Dominolapin's ghost
 25535 | Depths:1 | Reached skill level 20 in Maces & Flails
 25803 | Depths:1 | Found a gateway to Hell.
 26303 | Depths:2 | Received a gift from Okawaru
 26649 | Depths:2 | Found Wirroagh's Armour Boutique.
 26937 | Depths:2 | Received a gift from Okawaru
 26983 | Depths:2 | Gained mutation: You have claws for feet. [demonic ancestry]
 26983 | Depths:2 | Reached XP level 17. HP: 14/143 MP: 21/21
 27459 | Depths:2 | Received a gift from Okawaru
 27480 | Depths:2 | Lost mutation: Scrolls take you a little longer to read. [mutagenic meat]
 27483 | Depths:2 | Lost mutation: You possess an exceptional clarity of mind. [mutagenic meat]
 27484 | Depths:2 | Gained mutation: Your magical capacity is low. (-10% MP) [mutagenic meat]
 27488 | Depths:2 | Lost mutation: Your muscles are very strong. (Str +4) [mutagenic meat]
 27669 | Depths:2 | Noticed a lich
 27670 | Depths:2 | Noticed a Brimstone Fiend
 27684 | Depths:2 | HP: 7/144 [yaktaur/bolt (8)]
 27684 | Depths:2 | Killed from afar by a Brimstone Fiend

Vault maps used:
D:1:      erik_arrival_blinker_ship
D:2:      nicolae_overflow_crystal_walls
D:3:      old_standard_altar, cheibrodos_sewer_entry_sluice
D:4:      lemuel_castle_with_subvaults, grunt_temple_overflow_open, st_stairs_4
D:5:      kennysheep_big_flooded_room, first_bread, serial_bayou_pond_d,
          uniq_grinder
D:6:      grunt_temple_overflow_order_and_chaos_1, uniq_duvessa
D:7:      overflow_temple_1_default, nicolae_gozag_seed_capital, temple_green,
          the_bakery, sword_in_stone
D:9:      kennysheep_mini
D:11:     lair_entry_dummy, uniq_nergalle
D:12:     hiddenorc2_lemuel, uniq_rupert, uniq_nessos
D:13:     kennysheep_flooded_box, minmay_crystal_box
D:14:     david_vaults_5, serial_shops, shop, moated_statue, xom_shifter_show
D:15:     hangedman_depths_entry_try_elsewhere_first,
          minmay_misc_feat_secret_circle, trog_ov_bears_minmay
Lair:1:   cheibrodos_lair_reptile_den, grunt_megastairs_5, serial_bayou_shore_b,
          lemuel_fruit_tree
Lair:2:   minmay_shoals_entry_beasts, dummy_snake_entry, beast_lair_carwin_8,
          grunt_megastairs_4, serial_bayou_shore_a, uniq_harold, uniq_urug,
          uniq_erica
Lair:4:   infiniplex_staircase_pool
Lair:5:   hangedman_what_comes_after_a, slime_altar_1
Lair:6:   minmay_lair_end_enchanted_forest, serial_bayou_lagoon_a
Orc:2:    st_orc_pillars, basic_altar, uniq_maurice
Depths:1: nemelex_xobeh_ov_fountains_minmay, lightli_too_deep, pan_entry,
          minmay_misc_feat_doors, dispersion_dpeg, minmay_shop_star
Depths:2: grunt_bent_corner, serial_shops, shop_fountains,
          pf_vacation_house_of_asmodeus, minmay_misc_feat_ornament,
          infiniplex_staircase_hallway_doors
Sewer:    sewer_co_tree

Skill      XL: |  1  2  3  4  5  6  7  8  9 10 11 12 13 14 15 16 |
---------------+-------------------------------------------------+-----
Shields        | 3 4 5 |  5.1
Maces & Flails | 2 3 4 5 8 11 13 14 16 17 18 19 20 | 20.6
Armour         | 3 4 5 7 9 |  9.4
Dodging        | 1 |  1.6
Fighting       | 4 5 7 9 12 13 14 15 | 15.8
Evocations     | 1 |  1.0
Invocations    | 6 |  6.5

Action                   |  1- 3 |  4- 6 |  7- 9 | 10-12 | 13-15 | 16-18 || total
-------------------------+-------+-------+-------+-------+-------+-------++-------
Melee: Flail             |   155 |    14 |       |       |     8 |       ||   177
       Morningstar       |       |   173 |    70 |   618 |   804 |       ||  1665
       Kick              |       |    36 |   107 |       |       |    23 ||   166
       Whip              |       |       |   547 |   585 |       |       ||  1132
       Eveningstar       |       |       |       |       |   771 |   376 ||  1147
Invok: Heroism           |       |       |     8 |    18 |     9 |     3 ||    38
       Finesse           |       |       |       |     3 |     1 |       ||     4
Evoke: Wand              |       |       |     6 |       |       |       ||     6
  Use: Potion            |       |       |     1 |     6 |     1 |       ||     8
       Scroll            |       |       |     7 |    11 |    26 |     2 ||    46
 Stab: Held in net/web   |       |       |       |       |     1 |       ||     1
  Eat: Chunk             |     3 |     3 |    22 |    34 |    39 |    16 ||   117
       Fruit             |       |       |       |     3 |     3 |       ||     6
Armor: Scale mail        |    79 |   104 |    25 |       |       |       ||   208
       Plate armour      |       |       |   220 |   306 |       |       ||   526
       Skin              |       |       |       |    19 |       |       ||    19
       Crystal plate arm |       |       |       |   275 |   926 |   203 ||  1404
Dodge: Dodged            |    48 |    51 |    83 |   118 |   177 |    57 ||   534
Block: Shield            |    81 |   103 |   250 |   459 |   822 |   149 ||  1864
       Reflection        |       |       |       |    14 |    18 |       ||    32

Table legend:
 A = Spawn XP
 B = Non-spawn XP
 C = Spawn XP percentage of total XP
 D = Spawn monster count
 E = Non-spawn monster count
 F = Spawn count percentage of total count
 G = Total turns spent on level
                    A         B        C        D         E        F      G
               +---------+---------+-------+---------+---------+-------+---------
         Total |   16723 |  209930 |   7.4 |      82 |     911 |   8.3 | 27684
               +---------+---------+-------+---------+---------+-------+---------
           D:1 |       1 |      41 |   2.4 |       1 |      20 |   4.8 |   859
           D:2 |       7 |      48 |  12.7 |       2 |      15 |  11.8 |  1079
           D:3 |       0 |     126 |   0.0 |       0 |      27 |   0.0 |   546
           D:4 |     123 |    1073 |  10.3 |       2 |      66 |   2.9 |  2232
           D:5 |     250 |     822 |  23.3 |       2 |      30 |   6.2 |   703
           D:6 |      48 |    1427 |   3.3 |       3 |      12 |  20.0 |  1085
           D:7 |     298 |    1593 |  15.8 |       2 |      21 |   8.7 |  1088
           D:8 |       0 |    1150 |   0.0 |       0 |      26 |   0.0 |   853
           D:9 |       6 |    1499 |   0.4 |       2 |      24 |   7.7 |   675
          D:10 |     262 |    3263 |   7.4 |       8 |      18 |  30.8 |  1138
          D:11 |    1031 |    2863 |  26.5 |       6 |      12 |  33.3 |   842
          D:12 |     601 |    8946 |   6.3 |      10 |      58 |  14.7 |  1062
          D:13 |     438 |    4049 |   9.8 |       5 |      23 |  17.9 |   827
          D:14 |     615 |   11602 |   5.0 |       2 |      29 |   6.5 |   836
          D:15 |    2074 |   19548 |   9.6 |       8 |      54 |  12.9 |  1153
        Lair:1 |     523 |    4602 |  10.2 |       4 |      14 |  22.2 |  1367
        Lair:2 |     460 |   11316 |   3.9 |       3 |      38 |   7.3 |  1647
        Lair:3 |     742 |    3895 |  16.0 |       2 |      21 |   8.7 |   692
        Lair:4 |      96 |    2668 |   3.5 |       1 |      12 |   7.7 |   908
        Lair:5 |     244 |   15669 |   1.5 |       2 |      72 |   2.7 |  1574
        Lair:6 |    1845 |   28376 |   6.1 |       4 |      92 |   4.2 |  1274
         Orc:1 |       0 |    2267 |   0.0 |       0 |      26 |   0.0 |   517
         Orc:2 |     956 |   14624 |   6.1 |       2 |      90 |   2.2 |  1453
      Depths:1 |    3325 |   28886 |  10.3 |       8 |      33 |  19.5 |  1577
      Depths:2 |    2778 |   38881 |   6.7 |       3 |      50 |   5.7 |  1152
         Sewer |       0 |     696 |   0.0 |       0 |      28 |   0.0 |   545
               +---------+---------+-------+---------+---------+-------+---------
